 Dungeon Crawl Stone Soup version 0.31.0-32-g396128a36d (webtiles) character file.

Game seed: 2718843023270689582

15204 Zeor the Carver (level 11, -4/86 HPs)
             Began as a Demonspawn Gladiator on Apr 18, 2024.
             Was a Priest of Kikubaaqudgha.
             Slain by a wolf (7 damage)
             ... on level 2 of the Lair of Beasts.
             The game lasted 00:36:01 (11777 turns).

Zeor the Carver (Demonspawn Gladiator)             Turns: 11777, Time: 00:36:02

Health: -4/86      AC: 10    Str: 18    XL:     11   Next: 98%
Magic:  15/20      EV: 13    Int: 20    God:    Kikubaaqudgha [***...]
Gold:   715        SH:  0    Dex: 14    Spells: 7/23 levels left

rFire   . . .        a - +6 great sword "Xuolea Sixon" {drain, rC+ Str+4}
rCold   + . .        (shield currently unavailable)
rNeg    . . .        b - +0 leather armour
rPois   .            c - +0 helmet
rElec   .            m - +0 cloak
rCorr   .            A - +0 pair of gloves
SInv    .            (no boots)
Will    .....        j - amulet of magic regeneration
Stlth   ++           u - +6 ring of intelligence
HPRegen 0.34/turn    H - +4 ring of slaying
MPRegen 0.57/turn

%: no passive effects
@: fugue
A: hooves 2, molten scales 2, foul stench 3, spiny 2
a: Renounce Religion, Unearth Wretches


You were on level 2 of the Lair of Beasts.
You worshipped Kikubaaqudgha.
Kikubaaqudgha was most pleased with you.
You visited 3 branches of the dungeon, and saw 13 of its levels.

You collected 715 gold pieces.

Inventory:

Hand Weapons
 a - the +6 great sword "Xuolea Sixon" (weapon) {drain, rC+ Str+4}
   (You found it on level 6 of the Dungeon)

   Str+4:     It affects your strength (+4).
   rC+:       It protects you from cold.
 o - the +3 hand axe of Xom's Delight {flame, Fly Will- Int+3}
   (You found it on level 2 of the Dungeon)

   Int+3:     It affects your intelligence (+3).
   Will-:     It decreases your willpower.
   Fly:       It grants you flight.
 v - a +0 triple sword
 y - a +2 long sword
Missiles
 e - 5 javelins (quivered)
 k - 10 boomerangs
 q - 30 poisoned darts
 N - 3 curare-tipped darts
Armour
 b - a +0 leather armour (worn)
 c - a +0 helmet (worn)
 m - a +0 cloak (worn)
 A - a +0 pair of gloves (worn)
 C - the +0 helmet of Experimentation {Harm Slay+2}
   (You found it on level 8 of the Dungeon)

   Slay+2:    It affects your accuracy & damage with ranged weapons and melee
   (+2).
   Harm:      It increases damage dealt and taken.
Jewellery
 f - a ring of poison resistance
 j - an amulet of magic regeneration (around neck)
 u - a +6 ring of intelligence (left hand)
 D - a ring of flight
 G - an amulet of the acrobat
 H - a +4 ring of slaying (right hand)
 M - a ring of protection from cold
 Q - a ring of positive energy
Wands
 s - a wand of digging (1)
 t - a wand of iceblast (18)
 x - a wand of flame (32)
 E - a wand of acid (6)
 I - a wand of paralysis (14)
Scrolls
 n - 3 scrolls of poison
 p - 9 scrolls of teleportation
 O - a scroll of vulnerability
 R - 2 scrolls of enchant weapon
Potions
 d - 3 potions of brilliance
 g - a potion of ambrosia
 i - 2 potions of magic
 l - a potion of curing
 r - 3 potions of berserk rage
 w - a potion of attraction {unknown}
 z - 2 potions of might
 B - 2 potions of heal wounds
 F - a potion of invisibility {unknown}
 J - a potion of enlightenment {unknown}
 K - 2 potions of lignification {unknown}
 L - 2 potions of resistance {unknown}
 P - a potion of cancellation {unknown}
Miscellaneous
 h - a lightning rod (4/4)


   Skills:
 + Level 8.0 Fighting
 * Level 11.7 Long Blades
 + Level 3.4 Throwing
 + Level 4.0 Armour
 * Level 5.0 Dodging
 + Level 2.6 Stealth
 + Level 1.9 Shields
 * Level 6.6 Spellcasting
 + Level 0.3 Conjurations
 + Level 0.2 Hexes
 * Level 7.7 Necromancy


You had 7 spell levels left.
You knew the following spells:

 Your Spells              Type           Power      Damage    Failure   Level
a - Anguish               Hex/Necr       11%        N/A       22%         4
d - Dispel Undead         Necr           37%        3d15      4%          4
f - Fugue of the Fallen   Necr           37%        N/A       1%          3
k - Kiss of Death         Conj/Necr      88%        2d12      2%          1
m - Martyr's Knell        Necr/Summ      22%        N/A       24%         4

Your spell library contained the following spells:

 Spells                   Type           Power      Damage    Failure   Level
 Necrotise                Necr           100%       1d9       1%          1
 Sublimation of Blood     Necr           37%        N/A       1%          2
 Cigotuvi's Dreadful Rot  Necr/Alch/Air  32%        N/A       6%          2
 Sting                    Conj/Alch      28%        1d4       11%         1
 Mercury Vapours          Alch/Air       12%        N/A       19%         2
 Confusing Touch          Hex            7%         N/A       32%         3
 Mephitic Cloud           Conj/Alch/Air  7%         N/A       32%         3
 Borgnjor's Vile Clutch   Necr/Erth      11%        N/A       54%         5
 Olgreb's Toxic Radiance  Alch           6%         N/A       75%         4
 Silence                  Hex/Air        3%         N/A       97%         5
 Plasma Beam              Fire/Air       3%         2x1d13    100%        6


Dungeon Overview and Level Annotations

Branches:
Dungeon (10/15)            Temple (1/1) D:4            Lair (2/5) D:10
  Swamp: Lair:2-3    Shoals: Lair:2-3     Snake: Lair:2-3    Spider: Lair:2-3
    Orc: D:9-12

Altars:
Ashenzari
Cheibriados
Dithmenos
Fedhas
Gozag
Hepliaklqana
Kikubaaqudgha
Makhleb
Nemelex Xobeh
Okawaru
Qazlal
Ru
Sif Muna
Trog
Uskayaw
Vehumet
Wu Jian
Xom
Yredelemnul

Annotations:
D:7 1 runed translucent door, Crazy Yiuf
Lair:1 1 runed translucent door, safid's ghost, journeyman DrSh


Innate Abilities, Weirdness & Mutations

You have hoof-like feet.
You are mostly covered in molten scales. (AC +3)
You frequently emit foul miasma when damaged in melee.
You are mostly covered in sharp spines.


Message History

You kill the wolf!
Kikubaaqudgha accepts your kill. The wolf is struck by your spines.
The wolf bites you.
The wolf is wracked by anguish.
The wolf is engulfed in dark miasma.
The wolf is poisoned.
The wolf seems to slow down.
The wolf closely misses you. The wolf bites you.
The wolf is wracked by anguish.
The wolf dies!
Kikubaaqudgha accepts your kill.
The wolf bites the plant!
The plant begins to die.
The wolf is struck by your spines.
You kill the wolf!
Kikubaaqudgha accepts your kill.
The wolf is engulfed in dark miasma.
The wolf looks even sicker.
The wolf seems to slow down.
The blink frog hits you!
* * * LOW HITPOINT WARNING * * *
Your Fighting skill increases to level 8!
Your Dodging skill increases to level 5!
You slice the blink frog!! You drain the blink frog!
You kill the blink frog!
Kikubaaqudgha accepts your kill.
The blink frog blinks!
The wolf bites the plant.
The wolf bites you but does no damage.
The blink frog blinks!
The wolf bites you but does no damage. The wolf is struck by your spines.
The wolf barely misses you.
You closely miss the blink frog.
The wolf is no longer moving slowly.
The blink frog hits you!
* * * LOW HITPOINT WARNING * * *
You emit a cloud of foul miasma!
The blink frog blinks!
The wolf bites you.
* * * LOW HITPOINT WARNING * * *
The wolf closely misses you.
The blink frog is engulfed in dark miasma.
The blink frog is poisoned.
The blink frog is struck by your spines.
The blink frog hits you.
* * * LOW HITPOINT WARNING * * *
The blink frog blinks!
The wolf stops to sniff the ground.
The wolf bites you!
You die...
Kikubaaqudgha rasps: "You have failed me!
Welcome... death!" ∙∙∙ ∙∙∙∙∙∙ ▒∙▒ ▒∙∙∙∙∙∙∙ ∙∙∙∙∙∙ ▒▒∙∙ ▒▒∙∙∙∙∙∙∙ ∙∙∙∙∙∙▒ ∙∙▒ ▒∙∙∙∙†∙▒ ∙∙∙∙∙∙∙ P∙▒ ▒∙∙∙∙∙∙▒ ■▒∙∙∙∙∙ ▒∙▒ ▒∙∙∙∙∙▒ ▒ ∙∙∙∙F#P▒▒▒▒∙▒▒▒▒∙∙∙∙∙▒ ▒ ∙∙∙∙∙∙hh∙∙∙∙▒▒∙▒∙∙∙÷∙▒▒▒ ∙∙∙∙∙∙°6∙∙∙∙∙∙∙∙∙∙∙∙∙∙∙∙

∙∙∙∙∙∙F○h▒▒P∙∙▒∙∙∙▒∙P∙∙∙
∙∙∙∙∙∙∙F▒▒▒∙∙∙▒▒▒▒▒▒∙∙∙∙
∙∙∙∙∙∙∙∙▒ ▒∙∙▒▒ ▒▒∙∙∙
∙∙∙∙∙∙∙∙▒ ▒▒∙∙ ▒∙∙▒
▒∙∙∙∙∙∙∙∙ ▒∙▒▒ ▒∙∙∙▒
▒▒∙∙∙∙∙∙P ▒∙▒ ▒▒∙∙P
▒∙∙∙∙∙∙▒▒ ▒∙∙∙∙∙ ∙∙∙▒
∙∙∙P▒▒▒∙∙∙∙∙ ∙∙∙∙▒


You could see 3 blink frogs and 3 wolves.

Vanquished Creatures
  2 two-headed ogres
  Sonja (Lair:1)
  Pikel (D:6)
  Joseph (D:8)
  A black mamba (Lair:1)
  A gargoyle (D:7)
  3 cane toads
  A rime drake (Lair:2)
  Jeremiah (Lair:1)
  2 komodo dragons
  Prince Ribbit (D:7)
  5 blink frogs (Lair:2)
  A hornet (D:8)
  A vampire (D:9)
  4 wyverns
  18 yaks
  A wraith (D:9)
  2 basilisks
  A steam dragon (D:8)
  2 vampire mosquitoes (D:10)
  Menkaure (D:6)
  2 acid dragons
  A water moccasin (Lair:1)
  A swamp drake (D:10)
  2 sky beasts
  4 orc warriors
  An ogre (D:7)
  2 ice beasts (D:5)
  9 wolves
  6 centaurs
  A phantom (D:5)
  3 kobold brigands
  10 bullfrogs
  A scorpion (D:4)
  5 killer bees (D:7)
  An electric eel (D:10)
  A bombardier beetle (D:5)
  A hound (D:5)
  A gnoll bouda (D:9)
  3 jellies
  3 orc priests
  2 iguanas (D:5)
  8 orc wizards
  2 sleepcaps (D:6)
  3 gnolls (D:9)
  11 adders
  2 shadow imps
  4 ufetubi
  A dart slug (D:1)
  2 ribbon worms (D:2)
  27 orcs
  7 endoplasms
  2 giant cockroaches
  5 goblins
  7 hobgoblins
  7 jackals
  20 kobolds
  2 quokkas
  10 ball pythons
  5 bats
  4 frilled lizards
  9 rats
249 creatures vanquished.

Vanquished Creatures (others)
  A wolf (Lair:2)
  A centaur (Lair:1)
2 creatures vanquished.

Grand Total: 251 creatures vanquished

Notes
Turn   | Place    | Note
-------+----------+-------------------------------------------
     0 | D:1      | Zeor the Demonspawn Gladiator began the quest for the Orb.
     0 | D:1      | Reached XP level 1. HP: 16/16 MP: 1/1
   122 | D:1      | Reached skill level 1 in Spellcasting
   201 | D:1      | Gained mutation: You have large cloven feet. [demonic
                  | ancestry]
   201 | D:1      | Reached XP level 2. HP: 18/22 MP: 3/3
   371 | D:1      | Reached skill level 3 in Long Blades
   683 | D:1      | Gained mutation: You may rarely emit foul miasma when
                  | damaged in melee. [demonic ancestry]
   683 | D:1      | Reached XP level 3. HP: 20/27 MP: 4/4
  1449 | D:2      | Identified the +3 hand axe of Xom's Delight {flame, Fly
                  | Will- Int+3}
  1945 | D:3      | Noticed a bullfrog
  2087 | D:3      | Gained mutation: You are partially covered in sharp spines.
                  | [demonic ancestry]
  2087 | D:3      | Reached XP level 4. HP: 34/34 MP: 6/6
  2635 | D:4      | Noticed a scorpion
  2638 | D:4      | Killed a scorpion
  2639 | D:4      | Reached skill level 1 in Armour
  2639 | D:4      | Reached XP level 5. HP: 36/39 MP: 7/7
  2738 | D:4      | Found a staircase to the Ecumenical Temple.
  2744 | Temple   | Entered the Ecumenical Temple
  2980 | D:4      | Found an opulent altar of Gozag.
  3048 | D:4      | Reached skill level 4 in Long Blades
  3508 | D:5      | Entered Level 5 of the Dungeon
  3521 | D:5      | Found a stormy altar of Qazlal.
  3536 | D:5      | You fall into a shaft and drop 1 floor!
  3549 | D:5      | Noticed an ice beast
  3549 | D:5      | Noticed a phantom
  3565 | D:5      | Killed an ice beast
  3566 | D:5      | Gained mutation: You are mostly covered in sharp spines.
                  | [demonic ancestry]
  3566 | D:5      | Reached XP level 6. HP: 46/46 MP: 7/9
  3571 | D:5      | Reached skill level 1 in Stealth
  3673 | D:5      | Learned a level 1 spell: Kiss of Death
  3705 | D:5      | Reached skill level 5 in Long Blades
  3740 | D:5      | Noticed an acid dragon
  3772 | D:5      | Killed an acid dragon
  3773 | D:5      | Gained mutation: You sometimes emit foul miasma when
                  | damaged in melee. [demonic ancestry]
  3773 | D:5      | Reached XP level 7. HP: 35/51 MP: 7/10
  3777 | D:5      | Reached skill level 1 in Necromancy
  4286 | D:5      | Found a shimmering blue altar of Sif Muna.
  4403 | D:6      | Found a sparkling altar of Nemelex Xobeh.
  4404 | D:6      | Found a snail-covered altar of Cheibriados.
  4407 | D:6      | Found an ancient bone altar of Kikubaaqudgha.
  4407 | D:6      | Found a blossoming altar of Fedhas.
  4412 | D:6      | Became a worshipper of Kikubaaqudgha
  4428 | D:6      | Noticed Pikel
  4448 | D:6      | Killed Pikel
  4449 | D:6      | Reached skill level 6 in Long Blades
  4449 | D:6      | Gained mutation: You are partially covered in molten
                  | scales. (AC +2) [demonic ancestry]
  4449 | D:6      | Reached XP level 8. HP: 20/60 MP: 12/12
  4851 | D:6      | Noticed Menkaure
  4861 | D:6      | Killed Menkaure
  5082 | D:6      | Identified the +6 great sword "Xuolea Sixon" {drain, rC+
                  | Str+4}
  5374 | D:7      | Reached * piety under Kikubaaqudgha
  5374 | D:7      | Received a gift from Kikubaaqudgha
  5381 | D:7      | Gained mutation: You have hoof-like feet. [demonic
                  | ancestry]
  5381 | D:7      | Reached XP level 9. HP: 54/66 MP: 14/14
  5389 | D:7      | Reached skill level 1 in Shields
  5391 | D:7      | Reached skill level 5 in Fighting
  5392 | D:7      | Reached skill level 7 in Long Blades
  5396 | D:7      | Learned a level 3 spell: Fugue of the Fallen
  5401 | D:7      | Learned a level 4 spell: Dispel Undead
  5641 | D:7      | Noticed a gargoyle
  5664 | D:7      | HP: 3/62 [gargoyle/+0 dire flail (13)]
  5665 | D:7      | Killed a gargoyle
  5895 | D:7      | Found a hazy altar of Hepliaklqana.
  6106 | D:7      | Noticed Prince Ribbit
  6113 | D:7      | Got the Tome of the Sky
  6199 | D:7      | Found a runed translucent door.
  6200 | D:7      | Noticed Crazy Yiuf
  6234 | D:7      | Killed Prince Ribbit
  6613 | D:8      | Identified the +0 helmet of Experimentation {Harm Slay+2}
  6647 | D:8      | Noticed Joseph
  6660 | D:8      | Killed Joseph
  6661 | D:8      | Reached skill level 5 in Necromancy
  6773 | D:8      | Reached skill level 8 in Long Blades
  6875 | D:8      | Found a shadowy altar of Dithmenos.
  7088 | D:8      | Gained mutation: You are mostly covered in molten scales.
                  | (AC +3) [demonic ancestry]
  7088 | D:8      | Reached XP level 10. HP: 70/76 MP: 17/17
  7581 | D:9      | Reached ** piety under Kikubaaqudgha
  7669 | D:9      | Noticed a two-headed ogre
  7690 | D:9      | Killed a two-headed ogre
  7691 | D:9      | Reached skill level 9 in Long Blades
  7691 | D:9      | Reached skill level 5 in Spellcasting
  8344 | D:10     | Entered Level 10 of the Dungeon
  8344 | D:10     | Found an iron altar of Okawaru.
  8451 | D:10     | Found a bloodstained altar of Trog.
  8569 | D:10     | Noticed a two-headed ogre
  8577 | D:10     | Killed a two-headed ogre
  8771 | D:10     | Found a staircase to the Lair.
  8783 | D:10     | Reached skill level 10 in Long Blades
  9096 | D:10     | Gained mutation: You frequently emit foul miasma when
                  | damaged in melee. [demonic ancestry]
  9096 | D:10     | Reached XP level 11. HP: 83/83 MP: 19/19
  9345 | Lair:1   | Entered Level 1 of the Lair of Beasts
  9345 | Lair:1   | Noticed Jeremiah
  9362 | Lair:1   | Killed Jeremiah
  9448 | Lair:1   | Reached *** piety under Kikubaaqudgha
  9448 | Lair:1   | Received a gift from Kikubaaqudgha
  9454 | Lair:1   | Learned a level 4 spell: Anguish
  9459 | Lair:1   | Learned a level 4 spell: Martyr's Knell
  9498 | Lair:1   | Noticed Sonja
  9595 | Lair:1   | Paralysed by Sonja for 3 turns
  9597 | Lair:1   | Killed Sonja
  9876 | Lair:1   | Found a runed translucent door.
  9876 | Lair:1   | Found a shimmering altar of Xom.
  9876 | Lair:1   | Noticed safid's ghost (journeyman DrSh)
  9880 | Lair:1   | Noticed a +1 war axe of chaos
 10142 | Lair:1   | Found a stormy altar of Qazlal.
 10550 | Lair:1   | Reached skill level 11 in Long Blades
 11776 | Lair:2   | Reached skill level 5 in Dodging
 11777 | Lair:2   | HP: 3/86 [blink frog (6)]
 11777 | Lair:2   | Slain by a wolf

Illustrated notes

Levels and vault maps discovered:
D:1:      dpeg_arrival_subterranean_lakeside_camping, layout_basic
D:2:      layout_loops_ring, serial_bayou_lagoon_a
D:3:      layout_loops_ring, tso_oasis_becter, amcnicky_mini_corridor_feature,
          minmay_shallow_snake_nest
D:4:      layout_basic, pdpol_temple_overflow_zin_treasury_gozag_greed,
          minmay_temple_entry_wispy, serial_aquarium, aquarium_bridge_square
          [aquarium_subvault_wall, aquarium_subvault_window,
          aquarium_subvault_bridge, aquarium_subvault_bridge],
          aquarium_bridge_long_separate [aquarium_subvault_bridge,
          aquarium_subvault_wall, aquarium_subvault_window,
          aquarium_subvault_window, aquarium_subvault_wall,
          aquarium_subvault_bridge], aquarium_window_2, aquarium_window_1,
          aquarium_window_1, aquarium_window_corridor_3, aquarium_view_2c,
          aquarium_view_2e
D:5:      layout_cave_pools, nicolae_qazlal_scattered_showers, led_sif_book
D:6:      layout_basic, chequers_temple_overflow_statue_of_worship,
          nicolae_half_adder, uniq_pikel, uniq_menkaure
D:7:      layout_loops_ring, nzn_hepliaklqana_mist_gate, uniq_prince_ribbit1,
          uniq_crazy_yiuf_cottage
D:8:      layout_rooms, mainiacjoe_overflow_brackets,
          nicolae_concentric_dashed_squares_mild, serial_bayou_pond_e,
          kennysheep_nondescript, uniq_joseph
D:9:      layout_loops_corners, kennysheep_boxes
D:10:     layout_basic, mainiacjoe_overflow_six_doors_small,
          nicolae_overflow_crystal_walls, erik_lair_dragon
Temple:   grunt_temple_mini_profane
Lair:1:   layout_regular_city, ebering_ghost_xom, lemuel_centaur_altar,
          uniq_sonja, uniq_jeremiah
Lair:2:   layout_chaotic_city, spider_nest_entry_funnel_web, beast_lair_carwin_7

Skill      XL: |  1  2  3  4  5  6  7  8  9 10 11 |
---------------+----------------------------------+-----
Spellcasting   | 1 2 3 4 5 6 |  6.6
Long Blades    | 3 4 5 6 8 10 11 | 11.7
Dodging        | 3 4 5 |  5.0
Throwing       | 2 3 |  3.4
Armour         | 1 2 3 4 |  4.0
Stealth        | 1 2 |  2.6
Fighting       | 3 4 5 6 8 |  8.0
Necromancy     | 2 4 5 6 7 |  7.7
Shields        | 1 |  1.9
Conjurations   | |  0.3
Hexes          | |  0.2

Action                     |  1- 3 |  4- 6 |  7- 9 | 10-12 || total
---------------------------+-------+-------+-------+-------++-------
  Melee: Long sword        |   147 |    61 |    74 |       ||   282
         Kick              |    28 |    21 |    36 |    45 ||   130
         Punch             |     1 |     1 |     1 |       ||     3
         Great sword       |       |       |    72 |   176 ||   248
  Throw: Boomerang         |    17 |     4 |    10 |     3 ||    34
         Throwing net      |       |     4 |     1 |       ||     5
         Javelin           |       |     2 |     3 |     9 ||    14
         Dart              |       |       |       |     1 ||     1
   Cast: Kiss of Death     |       |     1 |     5 |     3 ||     9
         Fugue of the Fall |       |       |     1 |     8 ||     9
         Dispel Undead     |       |       |       |     2 ||     2
         Anguish           |       |       |       |     8 ||     8
  Evoke: Wand              |       |       |       |     1 ||     1
         Lightning rod     |       |       |       |     1 ||     1
    Use: Scroll            |     5 |     1 |     3 |     9 ||    18
         Potion            |       |     2 |     1 |     3 ||     6
   Stab: Sleeping          |     2 |       |     2 |     1 ||     5
 Armour: Leather armour    |    83 |    27 |    92 |   154 ||   356
  Dodge: Dodged            |    96 |    37 |    82 |   172 ||   387
  Block: Other             |       |     8 |    31 |     1 ||    40
         Reflection        |       |       |     3 |       ||     3
